 Dungeon Crawl Stone Soup version 0.29-a0-364-g921d912d32 (webtiles) character file.

Game seed: 1831260957480109598

497 jlumianski the Chopper (level 6, -2/48 HPs)
             Began as a Demonspawn Fighter on Apr 30, 2022.
             Slain by Pikel
             ... wielding a +2 whip of freezing
              (4 damage)
             ... on level 3 of the Dungeon on May 1, 2022.
             The game lasted 00:14:12 (4169 turns).

jlumianski the Chopper (Demonspawn Fighter)         Turns: 4169, Time: 00:14:12

Health: -2/48      AC: 12    Str: 18    XL:     6   Next: 93%
Magic:  5/5        EV:  7    Int:  9    God:
Gold:   223        SH:  9    Dex: 15    Spells: 5/5 levels left

rFire   . . .      SeeInvis +   a - +0 war axe
rCold   . . .      Faith    .   c - +0 buckler
rNeg    . . .      Spirit   .   j - +0 chain mail
rPois   .          Reflect  .   (no helmet)
rElec   .          Harm     .   (no cloak)
rCorr   .          Rampage  .   (no gloves)
Will    .....                   r - +0 pair of boots
Stlth   ..........              (no amulet)
HPRegen 0.16/turn               e - ring of see invisible
MPRegen 0.09/turn               (no ring)

@: invisible
A: yellow scales 1, condensation shield, demonic touch 1, talons 1, camouflage
1, agile 1, low MP 1
a: no special abilities


You were on level 3 of the Dungeon.
You visited 1 branch of the dungeon, and saw 4 of its levels.

You collected 223 gold pieces.

Inventory:

Hand Weapons
 a - a +0 war axe (weapon)
 u - a +1 vampiric whip
Missiles
 g - 10 boomerangs
 i - 190 stones
 k - 2 javelins (quivered)
Armour
 b - a +0 scale mail
 c - a +0 buckler (worn)
 j - a +0 chain mail (worn)
 r - a +0 pair of boots (worn)
Magical Staves
 n - a staff of fire
Jewellery
 e - a ring of see invisible (left hand)
Scrolls
 h - 2 scrolls of teleportation
 o - a scroll of magic mapping
 s - a scroll of amnesia
 t - a scroll of enchant weapon
Potions
 d - a potion of might
 f - a potion of mutation
 p - a potion of resistance {unknown}
 q - a potion of lignification


   Skills:
 + Level 4.1 Fighting
 + Level 4.3 Axes
 + Level 0.4 Throwing
 + Level 3.9 Armour
 + Level 1.2 Dodging
 + Level 0.6 Stealth
 + Level 3.9 Shields


You had 5 spell levels left.
You didn't know any spells.
Your spell library contained the following spells:

 Spells                   Type           Power      Damage    Failure   Level
 Summon Guardian Golem    Hex/Summ       0%         N/A       100%        3
 Leda's Liquefaction      Hex/Erth       0%         N/A       100%        4
 Passage of Golubria      Tloc           0%         N/A       100%        4
 Lee's Rapid Deconstruct  Erth           0%         3d5*      100%        5
 Silence                  Hex/Air        0%         N/A       100%        5
 Statue Form              Tmut/Erth      0%         N/A       100%        6
 Orb of Destruction       Conj           0%         9d5       100%        7
 Spellforged Servitor     Conj/Summ      0%         N/A       100%        7
 Lehudib's Crystal Spear  Conj/Erth      0%         10d2      100%        8


Dungeon Overview and Level Annotations

Branches:
Dungeon (4/15)
 Temple: D:4-7

Altars:
Gozag

Annotations:
D:3 Pikel


Innate Abilities, Weirdness & Mutations

You are partially covered in yellow scales. (AC +2)
A meltable shield of frost defends you. (SH +4)
Your touch may inflict minor irresistible damage on your foes.
You have sharp toenails.
Your skin changes colour to match your surroundings (Stealth+).
You are agile. (Dex +2)
Your magical capacity is low. (-10% MP)


Message History

* * * LOW HITPOINT WARNING * * *
You hit Pikel but do no damage.
Pikel is severely wounded.
You hit the lemure. The lemure hits you but does no damage.
You block Pikel's attack.
You closely miss Pikel.
Pikel is severely wounded.
You barely miss the lemure. You block the lemure's attack.
Pikel hits you with a +2 whip of freezing.
* * * LOW HITPOINT WARNING * * *
Pikel freezes you.
* * * LOW HITPOINT WARNING * * *
You block the lemure's attack. Pikel barely misses you.
You hit Pikel but do no damage.
Pikel is severely wounded.
You closely miss the lemure. You block the lemure's attack.
Pikel hits you but does no damage.
You closely miss Pikel.
Pikel is severely wounded.
You hit the lemure. The lemure closely misses you. You block Pikel's attack.
You strike the helpless Pikel from behind!
You hit Pikel but do no damage.
Pikel is heavily wounded.
You closely miss the lemure. You block the lemure's attack.
You miss Pikel.
Pikel is heavily wounded.
You closely miss the lemure. The lemure hits you but does no damage.
Pikel hits you but does no damage.
You closely miss Pikel.
Pikel is heavily wounded.
You hit the lemure. The lemure hits you but does no damage.
Pikel hits you with a +2 whip of freezing!
* * * LOW HITPOINT WARNING * * *
Pikel freezes you.
* * * LOW HITPOINT WARNING * * *
You feel better. You block the lemure's attack.
Pikel hits you with a +2 whip of freezing!
* * * LOW HITPOINT WARNING * * *
Pikel freezes you.
You die...

#<# #.# #.# #.#
######### ##### #.#
##.......# #...# #.#
...#####.# #...# #.#
##.# #.######...###
#.# ...#
#........@...# #.#
##.## #.######5K.#.#
#.# #...####.#
#...#.# #.#
.._......#
#...#.###.#
#...#.#.##
#...#.....# ##.##.#.#
###...#######
#....#.# #.......#
#.####.#####.......#
##..........#....)..#


You could see Pikel (can't see you) and a lemure (can't see you).

Vanquished Creatures
  Sigmund (D:4)
  Duvessa (D:4)
  A black bear (D:4)
  Dowan (D:4)
  3 adders (D:2)
  A dart slug (D:3)
  4 worms
  6 endoplasms
  2 giant cockroaches
  11 goblins
  2 hobgoblins
  6 jackals
  10 kobolds
  4 quokkas
  6 ball pythons
  5 bats
  3 frilled lizards
  2 rats
69 creatures vanquished.

Notes
Turn   | Place    | Note
-------+----------+-------------------------------------------
     0 | D:1      | jlumianski the Demonspawn Fighter began the quest for the
                  | Orb.
     0 | D:1      | Reached XP level 1. HP: 18/18 MP: 1/1
    90 | D:1      | Found a faded altar of an unknown god.
   108 | D:1      | Gained mutation: You are partially covered in yellow
                  | scales. (AC +2) [demonic ancestry]
   108 | D:1      | Reached XP level 2. HP: 13/24 MP: 2/2
  1208 | D:2      | Gained mutation: Your touch may inflict minor irresistible
                  | damage on your foes. [demonic ancestry]
  1208 | D:2      | Reached XP level 3. HP: 21/29 MP: 3/3
  2049 | D:2      | Gained mutation: A meltable shield of frost defends you.
                  | (SH +4) [demonic ancestry]
  2049 | D:2      | Reached XP level 4. HP: 10/35 MP: 4/4
  3066 | D:3      | Found an opulent altar of Gozag.
  3227 | D:3      | Gained mutation: You have sharp toenails. [potion of
                  | mutation]
  3227 | D:3      | Gained mutation: Your magical capacity is low. (-10% MP)
                  | [potion of mutation]
  3227 | D:3      | Gained mutation: You have hidden genetic potential. [potion
                  | of mutation]
  3639 | D:4      | Noticed Sigmund
  3646 | D:4      | Killed Sigmund
  3647 | D:4      | Reached skill level 1 in Dodging
  3647 | D:4      | Reached XP level 5. HP: 42/42 MP: 4/4
  3651 | D:4      | Gained mutation: You are agile. (Dex +2) [hidden potential]
  3681 | D:4      | Noticed Dowan
  3690 | D:4      | Noticed Duvessa
  3730 | D:4      | Killed Duvessa
  3731 | D:4      | Reached XP level 6. HP: 36/48 MP: 5/5
  3822 | D:4      | Killed Dowan
  3830 | D:4      | Gained mutation: Your skin changes colour to match your
                  | surroundings (Stealth+). [hidden potential]
  3830 | D:4      | Lost mutation: You have hidden genetic potential. [hidden
                  | potential expressed]
  4142 | D:4      | Noticed Pikel
  4169 | D:3      | HP: 2/48 [Pikel/+2 whip of freezing (7)]
  4169 | D:3      | Slain by Pikel

Illustrated notes

Levels and vault maps discovered:
D:1:      grunt_arrival_crossed_arrows, layout_loops_ring,
          hellmonk_ecumenical_altar_dog_temple, chequers_serial_rivers_micro_e
D:2:      layout_loops_corners
D:3:      layout_basic, nicolae_overflow_crystal_walls
D:4:      layout_layer_cave, uniq_sigmund, uniq_pikel, uniq_grinder,
          uniq_duvessa

Skill      XL: |  1  2  3  4  5  6 |
---------------+-------------------+-----
Shields        | 3 |  3.9
Axes           | 2 3 4 |  4.3
Armour         | 3 |  3.9
Dodging        | 1 |  1.2
Fighting       | 4 |  4.1
Throwing       | |  0.4
Stealth        | |  0.6

Action                   |  1- 3 |  4- 6 || total
-------------------------+-------+-------++-------
Melee: War axe           |   163 |   129 ||   292
Throw: Boomerang         |       |     5 ||     5
       Javelin           |       |     2 ||     2
  Use: Scroll            |       |     7 ||     7
       Potion            |       |     7 ||     7
 Stab: Invisible         |       |     1 ||     1
Armor: Scale mail        |   111 |    17 ||   128
       Chain mail        |       |    55 ||    55
Dodge: Dodged            |    98 |    44 ||   142
Block: Buckler           |    37 |    78 ||   115

Table legend: (Time is in decaauts)
 A = Elapsed time spent in this place.
 B = Non-inter-level travel time spent in this place.
 C = Inter-level travel time spent in this place.
 D = Time resting spent in this place.
 E = Time spent auto-exploring this place.
 F = Levels seen in this place.
 G = Mean time per level.
                   A        B        C        D        E       F      G
               +--------+--------+--------+--------+--------+-----+--------+
         Total |   4304 |   4214 |     90 |    390 |   2571 |   4 | 1076.0 |
       Dungeon |   4304 |   4214 |     90 |    390 |   2571 |   4 | 1076.0 |
               +--------+--------+--------+--------+--------+-----+--------+

Top non-repeatable levels by time:
     D:2: 1772 daAuts
     D:1: 1174 daAuts
     D:3: 849 daAuts
     D:4: 508 daAuts
